 Dungeon Crawl Stone Soup version 0.31-a0-536-ga3e2962e35 (webtiles) character file.

Game seed: 8025362252405417731

249 Ethylacetat the Sneak (level 6, -8/43 HPs)
             Began as an Octopode Gladiator on Aug 13, 2023.
             Killed by divine providence
             ... invoked by an orc priest
              (9 damage)
             ... on level 3 of the Dungeon.
             The game lasted 00:02:46 (2066 turns).

Ethylacetat the Sneak (Octopode Gladiator)          Turns: 2066, Time: 00:02:47

Health: -8/43      AC:  1    Str: 14    XL:     6   Next: 12%
Magic:  6/6        EV: 15    Int: 10    God:
Gold:   109        SH:  0    Dex: 15    Spells: 5/5 levels left

rFire   . . .        a - +0 rapier
rCold   . . .        (no shield)
rNeg    . . .        b - +0 hat
rPois   .            (no amulet)
rElec   .            i - ring of see invisible
rCorr   .            (no ring)
SInv    +            (no ring)
Will    .....        (no ring)
Stlth   ++++         (no ring)
HPRegen 0.27/turn    (no ring)
MPRegen 0.10/turn    (no ring)
                     (no ring)

%: no passive effects
@: no status effects
A: almost no armour, amphibious, 8 rings, camouflage 1, gelatinous body 1,
(nimble swimmer 1), tentacles
a: no special abilities


You were on level 3 of the Dungeon.
You visited 1 branch of the dungeon, and saw 3 of its levels.

You collected 109 gold pieces.

Inventory:

Hand Weapons
 a - a +0 rapier (weapon)
Missiles
 c - 5 throwing nets (quivered)
 d - a javelin
Armour
 b - a +0 hat (worn)
Jewellery
 i - a ring of see invisible (left tentacle)
Wands
 s - a wand of polymorph (11)
Scrolls
 e - a scroll of noise {unknown}
 f - a scroll of blinking {unknown}
 g - 2 scrolls of enchant armour {unknown}
 j - 4 scrolls of teleportation {unknown}
 k - 2 scrolls of amnesia {unknown}
 l - a scroll of fear {unknown}
 n - a scroll of fog {unknown}
 p - a scroll of identify {unknown}
Potions
 h - a potion of invisibility {unknown}
 m - a potion of ambrosia {unknown}
 o - 2 potions of lignification {unknown}
 q - a potion of might {unknown}
 r - a potion of enlightenment {unknown}


   Skills:
 + Level 3.9 Fighting
 - Level 3.0 Short Blades
 - Level 2.0 Throwing
 + Level 4.5 Dodging
 + Level 4.5 Stealth


You had 5 spell levels left.
You didn't know any spells.
Your spell library contained the following spells:

 Spells                   Type           Power      Damage    Failure   Level
 Ozocubu's Armour         Ice            0%         N/A       75%         3
 Metabolic Englaciation   Hex/Ice        0%         N/A       100%        5
 Simulacrum               Ice/Necr       0%         N/A       100%        6


Dungeon Overview and Level Annotations

Branches:
Dungeon (3/15)

Altars:


Innate Abilities, Weirdness & Mutations

You cannot wear most types of armour.
You are amphibious.
You can wear up to eight rings at the same time.
Your skin changes colour to match your surroundings (Stealth+).
Your rubbery body absorbs attacks. (AC +1, EV +1)
((You are camouflaged when in or above water. (Stealth+)))
You have tentacles for arms and can constrict up to eight enemies at once.


Message History

Aiming: Polymorph
Press: ? - help, Shift-Dir - straight line, f - orc priest
Aim: an orc priest, wielding a +0 club (fire blocked by a translucent stone wall, will become a killer bee, a swamp drake, or a jackal, chance to affect: 49%) There's something in the way.
Okay, then.
There is an open door here.
The shadow imp shouts, "Slither hence, thou mammering spleeny deadneck!"
The shadow imp shouts, "Escape, thou weedy rump-fed coxcomb!"
You enter the deep water.
The shadow imp barely misses you. The shadow imp completely misses you.
You hit the shadow imp. Your grab misses the shadow imp.
The shadow imp is moderately wounded.
The shadow imp hits you. The shadow imp misses you.
You barely miss the shadow imp. Your grab misses the shadow imp.
You squeeze the shadow imp.
The shadow imp is almost dead.
The shadow imp hits you. The shadow imp gestures at you.
Pain shoots through your body! The shadow imp barely misses you.
The orc priest calls down the wrath of Beogh upon you.
You barely resist. You hit the shadow imp.
You kill the shadow imp!
The shadow imp hits you.
You closely miss the shadow imp. You grab the shadow imp.
You constrict the shadow imp.
The orc priest mumbles some strange prayers to Beogh against you.
You barely resist. The shadow imp closely misses you.
You completely miss the shadow imp.
The shadow imp is moderately wounded.
You constrict the shadow imp. The shadow imp hits you.
* * * LOW HITPOINT WARNING * * *
You hit the shadow imp.
You kill the shadow imp!
The shadow imp gestures at you. Pain shoots through your body!
* * * LOW HITPOINT WARNING * * *
The orc priest calls down the wrath of Beogh upon you.
Beogh smites you!
You die...

#.....######..............).
#............##.####......).
#....####...###.........)...
#.........©.....####........
#.....#########.# ########.
##+##.#8P.©.P8#.# # #.
#.#P.....P#.# .. #.
#.####'####.# ...#####.
#.#o≈..@≈.#.# ........#
....#5≈...≈)#.# .........
....#.≈~P~≈.#.# .......)#
....#.≈~⌠~≈.#.# .........
....#.≈P~~≈.#.# .........
....#.≈...≈.#.# ........#
...#.≈...≈.#.# .......†#
..####+####.# #####.#.#
###....#.#


You could see an orc priest and a shadow imp.

Vanquished Creatures
  A scorpion (D:3)
  An orc wizard (D:3)
  3 adders
  4 gnolls (D:3)
  2 shadow imps (D:3)
  A worm (D:2)
  A dart slug (D:1)
  3 orcs (D:3)
  8 ball pythons
  2 endoplasms
  3 giant cockroaches (D:1)
  5 goblins
  5 hobgoblins
  7 jackals (D:3)
  6 kobolds
  7 quokkas
  6 bats
  3 frilled lizards
  8 rats
76 creatures vanquished.

Notes
Turn   | Place    | Note
-------+----------+-------------------------------------------
     0 | D:1      | Ethylacetat the Octopode Gladiator began the quest for the
                  | Orb.
     0 | D:1      | Reached XP level 1. HP: 14/14 MP: 1/1
    96 | D:1      | Reached skill level 1 in Stealth
   117 | D:1      | Reached XP level 2. HP: 19/19 MP: 2/2
   425 | D:1      | Reached XP level 3. HP: 22/25 MP: 3/3
  1069 | D:2      | Found a faded altar of an unknown god.
  1144 | D:2      | Reached XP level 4. HP: 30/31 MP: 4/4
  1651 | D:3      | Noticed a scorpion
  1656 | D:3      | Killed a scorpion
  1657 | D:3      | Reached XP level 5. HP: 24/36 MP: 5/5
  2014 | D:3      | Found a transporter.
  2024 | D:3      | Reached XP level 6. HP: 43/43 MP: 6/6
  2065 | D:3      | HP: 1/43 [shadow imp/nerve-wracking pain (9)]
  2066 | D:3      | Killed from afar by an orc priest

Illustrated notes

Levels and vault maps discovered:
D:1:      elethiomel_arrival_shortcut, layout_basic, serial_curves,
          eino_curves_02, eino_curves_04
D:2:      layout_loops_ring, hellmonk_ecumenical_altar_run_dry, serial_aquarium,
          aquarium_bridge_square [aquarium_subvault_window,
          aquarium_subvault_bridge, aquarium_subvault_wall,
          aquarium_subvault_wall], aquarium_window_fake, aquarium_window_fake,
          aquarium_window_corridor_1, aquarium_window_fake, aquarium_view_2d,
          aquarium_pool_S
D:3:      gammafunk_wand_slinger, layout_basic, serial_shops,
          nicolae_shop_back_alley_shop, nicolae_shop_drivethru, shop,
          chequers_serial_rivers_micro_c, chequers_big_river,
          lexackson_kobold_supper

Skill      XL: |  1  2  3  4  5 |
---------------+----------------+-----
Stealth        | 1 2 3 4 |  4.5
Fighting       | 3 |  3.9
Dodging        | 4 |  4.5
Short Blades   | |  3.0
Throwing       | |  2.0

Action                     |  1- 3 |  4- 6 || total
---------------------------+-------+-------++-------
  Melee: Rapier            |    70 |    82 ||   152
         Constrict         |    20 |    23 ||    43
         Tentacles         |     7 |    19 ||    26
         Punch             |     1 |     2 ||     3
  Evoke: Wand              |       |     1 ||     1
   Stab: Sleeping          |    10 |     3 ||    13
 Armour: Skin              |     5 |     3 ||     8
  Dodge: Dodged            |    52 |    77 ||   129

Table legend: (Time is in decaauts)
 A = Elapsed time spent in this place.
 B = Non-inter-level travel time spent in this place.
 C = Inter-level travel time spent in this place.
 D = Time resting spent in this place.
 E = Time spent auto-exploring this place.
 F = Levels seen in this place.
 G = Mean time per level.
                   A        B        C        D        E       F      G
               +--------+--------+--------+--------+--------+-----+--------+
         Total |   2071 |   2001 |     70 |      0 |   1562 |   3 |  690.3 |
       Dungeon |   2071 |   2001 |     70 |      0 |   1562 |   3 |  690.3 |
               +--------+--------+--------+--------+--------+-----+--------+

Top non-repeatable levels by time:
     D:2: 863 daAuts
     D:1: 727 daAuts
     D:3: 480 daAuts
